 Dungeon Crawl Stone Soup version 0.29.0-4-gdea44cf6ec (webtiles) character file.

Game seed: 13431340913950059527

17 qw the Firebug (level 2, 0/23 HPs)
             Began as a Ghoul Fire Elementalist on Aug 29, 2022.
             Slain by a goblin
             ... wielding a +0 dagger
             ... led by Robin
              (5 damage)
             ... on level 2 of the Dungeon.
             The game lasted 00:00:48 (1551 turns).

qw the Firebug (Ghoul Fire Elementalist)            Turns: 1551, Time: 00:00:49

Health: 0/23       AC:  8    Str: 11    XL:     2   Next: 62%
Magic:  3/3        EV:  3    Int: 10    God:
Gold:   79         SH:  6    Dex:  9    Spells: 3/4 levels left

rFire   . . .      SeeInvis .     - Unarmed
rCold   + . .      Faith    .   j - +0 kite shield
rNeg    + + +      Spirit   .   h - +0 chain mail
rPois   inf        Reflect  .   (no helmet)
rElec   .          Harm     .   (no cloak)
rCorr   .          Rampage  .   (no gloves)
Will    .....                   (no boots)
Stlth   ..........              (no amulet)
HPRegen 0.00/turn               (no ring)
MPRegen 0.08/turn               (no ring)

@: inhibited regen
A: claws 1, cold resistance 1, negative energy resistance 3, inhibited
regeneration, torment resistance 2, devour on kill
a: no special abilities


You were on level 2 of the Dungeon.
You visited 1 branch of the dungeon, and saw 2 of its levels.

You collected 79 gold pieces.


Innate Abilities, Weirdness & Mutations

You are immune to poison.
You have sharp fingernails.
Your flesh is cold resistant. (rC+)
You are immune to negative energy. (rN+++)
You do not regenerate when monsters are visible.
You are immune to unholy pain and torment.
You thrive by killing the living.


   Skills:
 - Level 1.1 Fighting
 - Level 1.7 Dodging
 - Level 2.1 Stealth
 + Level 0.9 Shields
 - Level 1.3 Unarmed Combat
 - Level 1.7 Spellcasting
 - Level 0.7 Conjurations
 - Level 2.4 Fire Magic


You had 3 spell levels left.
You knew the following spells:

 Your Spells              Type           Power      Damage    Failure   Level
a - Foxfire               Conj/Fire      16%        2x1d4     100%        1

Your spell library contained the following spells:

 Spells                   Type           Power      Damage    Failure   Level
 Scorch                   Fire           10%        2d6       100%        2
 Conjure Flame            Conj/Fire      4%         6-21      100%        3
 Inner Flame              Hex/Fire       3%         N/A       100%        3
 Flame Wave               Conj/Fire      4%         2d5       100%        4

Inventory:

Armour
 h - a +0 chain mail (worn)
 j - a +0 kite shield (worn)
Scrolls
 a - a scroll of blinking {unknown}
 c - a scroll of vulnerability {unknown}
 f - a scroll of identify
Potions
 b - a potion of attraction {unknown}
 e - a potion of haste {unknown}
 g - a potion of might {unknown}

Dungeon Overview and Level Annotations

Branches:
Dungeon (2/15)

Altars:

Annotations:
D:2 Robin


Message History

Found a war axe.
The goblin unwields a +0 club.
The goblin wields a +0 sling.
The goblin shoots a sling bullet.
The sling bullet hits you but does no damage.
You hear a shout! 2 hobgoblins come into view.
The hobgoblin shouts!
You hear a shout! x3
A goblin comes into view. It is wielding a +0 dagger.
The goblin shoots a sling bullet.
The sling bullet hits you. 2 goblins come into view.
The goblin shouts!
You hear a shout!
Robin of the Strong Arm comes into view.
They are wielding a +0 spear.
The goblin shoots a sling bullet.
The sling bullet hits you.
A goblin comes into view. It is wielding a +0 dagger.
The goblin shouts!
Robin throws the goblin at you!
A hobgoblin comes into view.
The goblin hits you but does no damage.
You completely miss the goblin.
Robin roars a battlecry!
The goblins go into a battle-frenzy!
The goblin hits you but does no damage.
A hobgoblin comes into view.
The goblin shoots a sling bullet.
The sling bullet hits you but does no damage.
The goblin hits you with a +0 dagger. The hobgoblin hits you.
You hear an angry hiss.
1548 ||| Stepping ~*~*~tactically~*~*~ (outnumbered).
The hobgoblin attacks as you move away! The hobgoblin hits you.
The goblin attacks as you move away! The goblin hits you with a +0 dagger.
The goblin attacks as you move away! The goblin hits you but does no damage.
1549 ||| Stepping ~*~*~tactically~*~*~ (outnumbered).
You scratch the goblin.
You kill the goblin!
The goblin shoots a sling bullet.
The sling bullet hits you. You block the goblin's attack.
You scratch the hobgoblin.
The hobgoblin is severely wounded.
Robin throws the goblin at you! The hobgoblin hits you.
The goblin hits you with a +0 dagger.
You die...

#....## #...........
#.....###########.#.##
#...#.......# #.#.## .
#...#..####.# #.#.##
.##...#...###.# #.#.##
.....+.#.....#####.#.## .
..#...#####.......#.#.##
...#...#####.............
..#.#...#@g...#.###.###..
#.....g.gg###.....# #
.......g..# #.....#
#..).g............#
#...g.~~~~~.......#
#..g.####~~~~.....# #..##
###~~~..### #. #~~~~.# .
~~~~.


You could see Robin, 4 hobgoblins and 3 goblins.

Vanquished Creatures
  A dart slug (D:2)
  3 ball pythons
  A bat (D:1)
  2 endoplasms
  2 goblins
  2 hobgoblins (D:1)
  A quokka (D:2)
  A frilled lizard (D:1)
  A rat (D:2)
14 creatures vanquished.

Notes
Turn   | Place    | Note
-------+----------+-------------------------------------------
     0 | D:1      | qw the Ghoul Fire Elementalist began the quest for the Orb.
     0 | D:1      | Reached XP level 1. HP: 14/14 MP: 2/2
     0 | D:1      | 0 ||| qw: Version: 0.1-a-90-g952f4b7
     0 | D:1      | 0 ||| qw: Game counter: 3866
     0 | D:1      | 0 ||| qw: Always use a shield: true
     0 | D:1      | 0 ||| qw: God list: Okawaru
     0 | D:1      | 0 ||| qw: Allow faded altars: false
     0 | D:1      | 0 ||| qw: Do Orc after D:15 true
     0 | D:1      | 0 ||| qw: Do second Lair branch before Depths: true
     0 | D:1      | 0 ||| qw: Lair rune preference: random
     0 | D:1      | 0 ||| qw: Plans: Normal
     0 | D:1      | 0 ||| PLANNING D:1-11
   118 | D:1      | Reached skill level 1 in Unarmed Combat
   549 | D:1      | Found a faded altar of an unknown god.
   758 | D:1      | Reached XP level 2. HP: 15/22 MP: 3/3
   883 | D:1      | Reached skill level 1 in Fighting
  1114 | D:1      | 1114 ||| UPGRADING to +0 ring mail.
  1124 | D:1      | 1124 ||| DROPPING +0 robe.
  1125 | D:1      | 1125 ||| UPGRADING to +0 chain mail.
  1135 | D:1      | 1135 ||| DROPPING +0 ring mail.
  1136 | D:1      | 1136 ||| UPGRADING to +0 kite shield.
  1141 | D:1      | 1141 ||| READING 2 scrolls labelled GOROETI TUDUME.
  1142 | D:1      | 1142 ||| READING scroll labelled QOEJAM AMA.
  1143 | D:1      | 1143 ||| READING scroll labelled GIAMEO ROSCHIDO.
  1144 | D:1      | 1144 ||| DROPPING potion of magic.
  1545 | D:2      | Noticed Robin
  1548 | D:2      | 1548 ||| Stepping ~*~*~tactically~*~*~ (outnumbered).
  1549 | D:2      | 1549 ||| Stepping ~*~*~tactically~*~*~ (outnumbered).
  1551 | D:2      | HP: 5/23 [hobgoblin[Robin] (4)]
  1551 | D:2      | Slain by a goblin

Levels and vault maps discovered:
D:1:      psy_arrival_conway, layout_basic,
          hellmonk_ecumenical_altar_leap_of_faith, chequers_jeans
D:2:      layout_basic, roderic_malta_cross, grunt_decor_junction, uniq_robin

Skill      XL: |  1  2 |
---------------+-------+-----
Unarmed Combat | 1 |  1.3
Fighting       | 1 |  1.1
Dodging        | |  1.7
Stealth        | |  2.1
Shields        | |  0.9
Spellcasting   | |  1.7
Conjurations   | |  0.7
Fire Magic     | |  2.4

Action                   || total
-------------------------++-------
Melee: Unarmed           ||    51
  Use: Scroll            ||     3
Armor: Chain mail        ||    18
       Robe              ||     1
Dodge: Dodged            ||    14
Block: Kite shield       ||     4

Table legend:
 A = Non-vault XP
 B = Vault XP
 C = Vault XP percentage of total XP
 D = Non-vault monster count
 E = Vault monster count
 F = Vault count percentage of total count
                 A         B        C        D         E       F
            +---------+---------+-------+---------+---------+-------
      Total |      24 |       1 |   4.0 |      13 |       1 |   7.1
            +---------+---------+-------+---------+---------+-------
        D:1 |      14 |       0 |   0.0 |       8 |       0 |   0.0
        D:2 |      10 |       1 |   9.1 |       5 |       1 |  16.7
            +---------+---------+-------+---------+---------+-------
